 Dungeon Crawl Stone Soup version 0.29.0-4-gdea44cf6ec (webtiles) character file.

Game seed: 5562853038621393186

28 qw the Chopper (level 3, 0/21 HPs)
             Began as a Tengu Warper on Aug 28, 2022.
             Slain by a gnoll
             ... wielding a +0 spear
              (3 damage)
             ... on level 2 of the Dungeon.
             The game lasted 00:00:06 (1411 turns).

qw the Chopper (Tengu Warper)                       Turns: 1411, Time: 00:00:07

Health: 0/21       AC:  6    Str: 13    XL:     3   Next: 14%
Magic:  7/7        EV:  9    Int: 13    God:
Gold:   193        SH:  0    Dex: 13    Spells: 6/6 levels left

rFire   . . .      SeeInvis .   Y - +1 hand axe
rCold   . . .      Faith    .   (no shield)
rNeg    . . .      Spirit   .   g - +0 scale mail
rPois   .          Reflect  .   (helmet restricted)
rElec   .          Harm     .   (no cloak)
rCorr   .          Rampage  .   (no gloves)
Will    .....                   (boots unavailable)
Stlth   ..........              (no amulet)
HPRegen 0.07/turn               (no ring)
MPRegen 0.10/turn               (no ring)

@: no status effects
A: beak, talons 3
a: no special abilities


You were on level 2 of the Dungeon.
You visited 1 branch of the dungeon, and saw 2 of its levels.

You collected 193 gold pieces.


Innate Abilities, Weirdness & Mutations

You have a beak for a mouth.
You have claws for feet.


   Skills:
 - Level 2.0 Fighting
 + Level 3.9 Axes
 - Level 1.0 Throwing
 - Level 1.1 Armour
 - Level 2.1 Dodging
 - Level 2.0 Spellcasting
 - Level 2.4 Translocations


You had 6 spell levels left.
You didn't know any spells.
Your spell library contained the following spells:

 Spells                   Type           Power      Damage    Failure   Level
 Blink                    Tloc           14%        N/A       56%         2
 Gell's Gravitas          Tloc           7%         N/A       80%         3
 Lesser Beckoning         Tloc           7%         N/A       80%         3
 Teleport Other           Tloc           7%         N/A       80%         3
 Manifold Assault         Tloc           7%         N/A       100%        5

Inventory:

Hand Weapons
 h - a +0 whip
 Y - a +1 hand axe (weapon)
Armour
 a - a +2 ring mail of poison resistance
 g - a +0 scale mail (worn)
Scrolls
 c - 2 scrolls of teleportation {unknown}
Potions
 b - a potion of curing {unknown}
 d - 2 potions of heal wounds {unknown}
 e - a potion of flight {unknown}
 j - a potion of attraction {unknown}
 k - a potion of mutation {unknown}

Dungeon Overview and Level Annotations

Branches:
Dungeon (2/15)

Altars:


Message History

The gnoll closely misses you.
You barely miss the ball python. The ball python bites you.
The ball python grabs you. The ball python constricts you.
The gnoll hits you from afar with a +0 spear.
You hit the ball python but do no damage.
Your kick misses the ball python.
The ball python bites you but does no damage.
The ball python constricts you.
The gnoll hits you from afar with a +0 spear.
You barely miss the ball python. Your peck misses the ball python.
You hit the endoplasm. The ball python bites you.
The ball python constricts you. The endoplasm barely misses you.
The gnoll barely misses you. The ball python bites you.
The ball python constricts you.
You completely miss the ball python. You hit the endoplasm.
You kill the endoplasm!
The gnoll hits you from afar with a +0 spear.
The ball python bites you but does no damage.
The ball python constricts you.
You hit the ball python. Your kick misses the ball python.
The ball python is severely wounded.
You hit the goblin.
You kill the goblin!
The ball python bites you but does no damage.
The ball python constricts you. The gnoll barely misses you.
You barely miss the ball python. You peck the ball python.
You kill the ball python!
The gnoll hits you but does no damage.
Found a scroll labelled QIERUVVI DUTEO.
The gnoll closely misses you.
Things that are here:
a +0 club; a scroll labelled FITUHENWIS; a jackal corpse You hit the gnoll.
The gnoll is moderately wounded.
The gnoll hits you with a +0 spear. The gnoll completely misses you.
You hit the gnoll.
The gnoll is severely wounded.
The gnoll hits you with a +0 spear.
You die...

..# ### #. .?#. #.
.... #. $.. # #.
.. # #.##w # #...#
# ### #..g####.#
#### ##.##
#@).....# ...#
##.#.## #.....###
##.###.###.##
#.#####
##.##.##.##.## #.#
##.#.##...##.###.#
##.##.##.........#
......)..#.#######
...####.#.## ####
##.##


You could see a worm and a gnoll.

Vanquished Creatures
  4 ball pythons
  A bat (D:1)
  3 endoplasms
  A giant cockroach (D:2)
  3 goblins
  3 hobgoblins
  A jackal (D:2)
  3 frilled lizards
  6 kobolds
  A rat (D:2)
26 creatures vanquished.

Notes
Turn   | Place    | Note
-------+----------+-------------------------------------------
     0 | D:1      | qw the Tengu Warper began the quest for the Orb.
     0 | D:1      | Reached XP level 1. HP: 12/12 MP: 4/4
     0 | D:1      | 0 ||| qw: Version: 0.1-a-89-g26bdef1
     0 | D:1      | 0 ||| qw: Game counter: 695
     0 | D:1      | 0 ||| qw: Always use a shield: true
     0 | D:1      | 0 ||| qw: God list: Okawaru
     0 | D:1      | 0 ||| qw: Allow faded altars: false
     0 | D:1      | 0 ||| qw: Do Orc after D:15 true
     0 | D:1      | 0 ||| qw: Do second Lair branch before Depths: true
     0 | D:1      | 0 ||| qw: Lair rune preference: random
     0 | D:1      | 0 ||| qw: Plans: Normal
     0 | D:1      | 0 ||| PLANNING D:1-11
   110 | D:1      | 110 ||| DROPPING +0 club.
   193 | D:1      | 193 ||| Stepping ~*~*~tactically~*~*~ (stealth).
   194 | D:1      | 194 ||| Stepping ~*~*~tactically~*~*~ (stealth).
   195 | D:1      | 195 ||| Stepping ~*~*~tactically~*~*~ (stealth).
   196 | D:1      | 196 ||| Stepping ~*~*~tactically~*~*~ (stealth).
   364 | D:1      | Reached XP level 2. HP: 17/17 MP: 6/6
   371 | D:1      | Reached skill level 3 in Axes
   561 | D:1      | 561 ||| Stepping ~*~*~tactically~*~*~ (stealth).
   652 | D:1      | Found a faded altar of an unknown god.
   721 | D:1      | 721 ||| UPGRADING to +0 ring mail.
   731 | D:1      | 731 ||| DROPPING +0 leather armour.
   732 | D:1      | 732 ||| UPGRADING to +0 scale mail.
   742 | D:1      | 742 ||| DROPPING +0 ring mail.
   743 | D:1      | 743 ||| READING scroll labelled PAARAR YCLOHAI.
   744 | D:1      | 744 ||| READING scroll labelled LADWAN POLOAC.
   745 | D:1      | 745 ||| DROPPING scroll of blinking.
   950 | D:2      | 950 ||| Stepping ~*~*~tactically~*~*~ (stealth).
   956 | D:2      | 956 ||| FLEEEEING.
  1401 | D:2      | Reached XP level 3. HP: 21/21 MP: 7/7
  1406 | D:2      | HP: 4/21 [gnoll/+0 spear (6)]
  1411 | D:2      | Slain by a gnoll

Levels and vault maps discovered:
D:1:      eino_arrival_water_star, layout_rooms,
          shapermc_ecumenical_altar_pompeii, solitary_fountain,
          minmay_misc_feat_encased
D:2:      layout_loops_cross, roderic_three_in_a_row, dk_noncrumbling_3,
          minmay_hexomino_c4

Skill      XL: |  1  2 |
---------------+-------+-----
Axes           | 3 |  3.9
Fighting       | |  2.0
Throwing       | |  1.0
Armour         | |  1.1
Dodging        | |  2.1
Spellcasting   | |  2.0
Translocations | |  2.4

Action                   || total
-------------------------++-------
Melee: Hand axe          ||    56
       Kick              ||    12
       Peck              ||    11
       Punch             ||     1
Throw: Boomerang         ||     7
  Use: Scroll            ||     2
Armor: Leather armour    ||     4
       Scale mail        ||    17
Dodge: Dodged            ||    24

Table legend:
 A = Non-vault XP
 B = Vault XP
 C = Vault XP percentage of total XP
 D = Non-vault monster count
 E = Vault monster count
 F = Vault count percentage of total count
                 A         B        C        D         E       F
            +---------+---------+-------+---------+---------+-------
      Total |      32 |       9 |  22.0 |      21 |       5 |  19.2
            +---------+---------+-------+---------+---------+-------
        D:1 |      17 |       0 |   0.0 |      11 |       0 |   0.0
        D:2 |      15 |       9 |  37.5 |      10 |       5 |  33.3
            +---------+---------+-------+---------+---------+-------
